 Dungeon Crawl Stone Soup version 0.28.0-53-g5a82cb258f (webtiles) character file.

Game seed: 949277707039090023

30 Gabide the Ducker (level 3, 0/29 HPs)
             Began as a Human Monk on May 29, 2022.
             Slain by a gnoll
             ... wielding a +0 whip
              (5 damage)
             ... on level 1 of the Dungeon.
             The game lasted 00:01:29 (1831 turns).

Gabide the Ducker (Human Monk)                      Turns: 1831, Time: 00:01:30

Health: 0/29       AC:  2    Str: 11    XL:     3   Next: 35%
Magic:  3/3        EV: 13    Int: 10    God:
Gold:   46         SH:  0    Dex: 17    Spells: 2/2 levels left

rFire   . . .      SeeInvis .   a - +0 spear
rCold   . . .      Faith    .   (no shield)
rNeg    . . .      Spirit   .   b - +0 robe
rPois   .          Reflect  .   (no helmet)
rElec   .          Harm     .   (no cloak)
rCorr   .          Rampage  .   (no gloves)
Will    .....                   (no boots)
Stlth   ++........              (no amulet)
HPRegen 0.09/turn               (no ring)
MPRegen 0.08/turn               (no ring)

@: no status effects
A: no striking features
a: no special abilities


You were on level 1 of the Dungeon.
You visited 1 branch of the dungeon, and saw 2 of its levels.

You collected 46 gold pieces.

Inventory:

Hand Weapons
 a - a +0 spear (weapon)
Armour
 b - a +0 robe (worn)
 f - a +2 scale mail of willpower
Scrolls
 d - 2 scrolls of noise
 e - a scroll of summoning {unknown}
 g - a scroll of blinking {unknown}
Potions
 c - 3 potions of curing {unknown}
 h - a potion of heal wounds {unknown}


   Skills:
 + Level 3.4 Fighting
 + Level 3.4 Polearms
 + Level 3.4 Dodging
 - Level 2.0 Stealth


You had 2 spell levels left.
You didn't know any spells.
Your spell library was empty.

Dungeon Overview and Level Annotations

Branches:
Dungeon (2/15)

Altars:


Message History

The gnoll misses you.
You hit the gnoll.
The gnoll is heavily wounded.
The gnoll barely misses you.
You closely miss the gnoll.
The gnoll is heavily wounded.
The gnoll hits you with a +0 whip!
You are too injured to fight recklessly!
You are too injured to fight recklessly!
You are too injured to fight recklessly!
You are too injured to fight recklessly!
You are too injured to fight recklessly!
You are too injured to fight recklessly!
You are too injured to fight recklessly!
You are too injured to fight recklessly!
You are too injured to fight recklessly!
You are too injured to fight recklessly!
You are too injured to fight recklessly!
You are too injured to fight recklessly!
You are too injured to fight recklessly!
You are too injured to fight recklessly!
You are too injured to fight recklessly!
You closely miss the gnoll.
The gnoll is heavily wounded.
The gnoll hits you with a +0 whip!
* * * LOW HITPOINT WARNING * * *
You closely miss the gnoll.
The gnoll is heavily wounded.
The gnoll hits you but does no damage.
You hit the gnoll.
The gnoll is severely wounded.
The gnoll hits you with a +0 whip.
* * * LOW HITPOINT WARNING * * *
You barely miss the gnoll.
The gnoll is severely wounded.
The gnoll hits you but does no damage.
You hit the gnoll.
The gnoll is almost dead.
The gnoll hits you with a +0 whip.
You die...

#####################
#...@................
#.##g################
#.##.#.######### ####
#.##...##.....(###...
######.##.#.##....).......
#......##.#..+....)รท.##...
##.######.####.......##...
#...# #....##.......##...
###.###..#.##..)...######


You could see a gnoll.

Vanquished Creatures
  3 ball pythons (D:1)
  5 endoplasms (D:1)
  A giant cockroach (D:1)
  3 goblins (D:1)
  3 hobgoblins (D:1)
  5 kobolds (D:1)
  3 bats
  A frilled lizard (D:1)
  3 rats (D:1)
27 creatures vanquished.

Notes
Turn   | Place    | Note
-------+----------+-------------------------------------------
     0 | D:1      | Gabide the Human Monk began the quest for the Orb.
     0 | D:1      | Reached XP level 1. HP: 18/18 MP: 1/1
    90 | D:1      | Reached XP level 2. HP: 24/24 MP: 2/2
   300 | D:1      | Reached XP level 3. HP: 8/29 MP: 3/3
   936 | D:1      | Found a faded altar of an unknown god.
  1831 | D:1      | Slain by a gnoll

Illustrated notes

Levels and vault maps discovered:
D:1:      minmay_arrival_wavy_path, layout_basic,
          shapermc_ecumenical_altar_petra
D:2:      layout_rooms

Action                   || total
-------------------------++-------
Melee: Spear             ||    99
  Use: Scroll            ||     1
 Stab: Sleeping          ||     5
Armor: Robe              ||    10
Dodge: Dodged            ||    60
